 Dungeon Crawl Stone Soup version 0.29.1-12-g30fa7ad0bf (webtiles) character file.

Game seed: 76489098599440029

395 Peloso the Covered (level 6, -6/56 HPs)
             Began as a Minotaur Fighter on Jan 2, 2023.
             Splashed by a jelly's acid (7 damage)
             ... on level 5 of the Dungeon.
             The game lasted 00:05:45 (4515 turns).

Peloso the Covered (Minotaur Fighter)               Turns: 4515, Time: 00:05:47

Health: -6/56      AC: -6    Str: 21    XL:     6   Next: 52%
Magic:  5/5        EV:  6    Int:  5    God:
Gold:   264        SH:  4    Dex: 11    Spells: 5/5 levels left

rFire   . . .      SeeInvis .   a - +0 long sword
rCold   . . .      Faith    .   d - +0 buckler
rNeg    . . .      Spirit   .   g - +0 plate armour
rPois   .          Reflect  .   (helmet restricted)
rElec   .          Harm     .   (no cloak)
rCorr   .          Rampage  .   c - +0 pair of gloves
Will    .....                   (no boots)
Stlth   ..........              (no amulet)
HPRegen 0.18/turn               (no ring)
MPRegen 0.09/turn               (no ring)

@: corroded, studying Unarmed Combat
A: horns 2, retaliatory headbutt
a: no special abilities


You were on level 5 of the Dungeon.
You visited 1 branch of the dungeon, and saw 5 of its levels.

You collected 264 gold pieces.

Inventory:

Hand Weapons
 a - a +0 long sword (weapon)
Missiles
 t - a throwing net (quivered)
Armour
 b - a +0 scale mail
 c - a +0 pair of gloves (worn)
 d - a +0 buckler (worn)
 g - a +0 plate armour (worn)
Jewellery
 h - an amulet of faith
Wands
 o - a wand of acid (3)
Scrolls
 e - 4 scrolls of fear
 f - a scroll of amnesia
 k - 2 scrolls of identify {unknown}
 q - a scroll of poison {unknown}
 r - a scroll of enchant armour {unknown}
 v - a scroll of teleportation {unknown}
 w - a scroll of noise {unknown}
Potions
 j - 2 potions of might
 l - a potion of brilliance {unknown}
 m - a potion of heal wounds
 n - a potion of magic {unknown}
 p - 2 potions of berserk rage {unknown}
 s - 2 potions of degeneration {unknown}
 u - 3 potions of curing {unknown}
 x - a potion of mutation {unknown}
 z - 2 potions of haste {unknown}


   Skills:
 + Level 5.2 Fighting
 + Level 5.3 Long Blades
 + Level 5.6 Armour
 + Level 1.2 Dodging
 + Level 0.1 Stealth
 + Level 4.3 Shields
 + Level 0.1 Evocations


You had 5 spell levels left.
You didn't know any spells.
Your spell library contained the following spells:

 Spells                   Type           Power      Damage    Failure   Level
 Apportation              Tloc           0%         N/A       100%        1
 Foxfire                  Conj/Fire      0%         2x1d4     100%        1
 Freeze                   Ice            0%         1d3       100%        1
 Necrotise                Necr           0%         1d4       100%        1
 Slow                     Hex            0%         N/A       100%        1
 Summon Small Mammal      Summ           0%         N/A       100%        1
 Confusing Touch          Hex            0%         N/A       100%        3
 Conjure Flame            Conj/Fire      0%         6-21      100%        3
 Frozen Ramparts          Ice            0%         1d1       100%        3
 Ignite Poison            Fire/Tmut/Pois 0%         N/A       100%        3
 Inner Flame              Hex/Fire       0%         N/A       100%        3
 Vampiric Draining        Necr           0%         2d6       100%        3
 Cause Fear               Hex            0%         N/A       100%        4
 Flame Wave               Conj/Fire      0%         2d4       100%        4
 Hailstorm                Conj/Ice       0%         3d3       100%        4
 Statue Form              Tmut/Erth      0%         N/A       100%        6
 Storm Form               Tmut/Air       0%         N/A       100%        7
 Discord                  Hex            0%         N/A       100%        8


Dungeon Overview and Level Annotations

Branches:
Dungeon (5/15)
 Temple: D:4-7

Altars:
Gozag
Trog


Innate Abilities, Weirdness & Mutations

You have a pair of horns on your head.
You reflexively headbutt those who attack you in melee.


Message History

A jelly is nearby!
You completely miss the jelly. The jelly hits you but does no damage.
You hit the jelly. The acid corrodes you!
Your hands burn!
You headbutt the jelly, but do no damage.
The jelly is lightly wounded.
You block the jelly's attack.
You hit the jelly but do no damage.
Your hands burn!
The jelly is lightly wounded.
The jelly hits you but does no damage.
You hit the jelly.
Your hands burn!
You headbutt the jelly.
The jelly is moderately wounded.
The jelly hits you but does no damage.
You hit the jelly but do no damage.
Your hands burn!
You headbutt the jelly!
The jelly is almost dead.
The jelly barely misses you. You furiously retaliate!
You headbutt the jelly, but do no damage.
The jelly hits you.
You are splashed with acid!
You hit the jelly but do no damage. The acid corrodes you!
Your hands burn!
The jelly is almost dead.
The jelly hits you. The acid corrodes you!
You are splashed with acid!
You hit the jelly but do no damage. The acid corrodes you!
Your hands burn!
The jelly is almost dead.
You block the jelly's attack.
You hit the jelly but do no damage.
Your hands burn!
Your headbutt misses the jelly.
The jelly is severely wounded.
You block the jelly's attack.
You hit the jelly but do no damage. The acid corrodes you!
Your hands burn!
The jelly is severely wounded.
The jelly hits you.
* * * LOW HITPOINT WARNING * * *
You are splashed with acid!
* * * LOW HITPOINT WARNING * * *
You hit the jelly but do no damage.
Your hands burn!
* * * LOW HITPOINT WARNING * * *
The jelly is severely wounded.
The jelly barely misses you. The jelly hits you.
* * * LOW HITPOINT WARNING * * *
You are splashed with acid!
You die...

.........#
.........#
.........#
.........#
.........#
.........#
.........##
#...J@..# #######.#
#.# #.#
############### #.#
.............>####.#
.#####.#.#........#
#...#.#.##########
#.#.#.#....#


You could see a jelly.

Vanquished Creatures
  A water moccasin (D:5)
  A scorpion (D:5)
  A hound (D:5)
  An iguana (D:5)
  4 gnolls (D:2)
  4 adders
  An ufetubus (D:5)
  4 worms
  5 dart slugs
  2 orcs (D:3)
  3 ball pythons
  5 bats
  5 endoplasms
  2 giant cockroaches
  7 goblins
  6 hobgoblins
  6 jackals
  A quokka (D:1)
  4 frilled lizards
  6 kobolds
  8 rats
77 creatures vanquished.

Notes
Turn   | Place    | Note
-------+----------+-------------------------------------------
     0 | D:1      | Peloso the Minotaur Fighter began the quest for the Orb.
     0 | D:1      | Reached XP level 1. HP: 19/19 MP: 0/0
   195 | D:1      | Reached XP level 2. HP: 27/27 MP: 1/1
   724 | D:1      | Reached XP level 3. HP: 33/33 MP: 2/2
  1097 | D:2      | Found a faded altar of an unknown god.
  1206 | D:2      | Reached XP level 4. HP: 16/41 MP: 3/3
  1218 | D:2      | Reached skill level 1 in Dodging
  3027 | D:4      | Got the Book of Shocking Transmutation
  3058 | D:4      | Found a bloodstained altar of Trog.
  3189 | D:4      | Reached XP level 5. HP: 45/47 MP: 4/4
  3294 | D:4      | Found an opulent altar of Gozag.
  3796 | D:5      | Entered Level 5 of the Dungeon
  3796 | D:5      | Noticed a water moccasin
  3811 | D:5      | Killed a water moccasin
  3812 | D:5      | Reached skill level 5 in Fighting
  3812 | D:5      | Reached skill level 5 in Armour
  3812 | D:5      | Reached XP level 6. HP: 26/56 MP: 5/5
  4165 | D:5      | Reached skill level 5 in Long Blades
  4515 | D:5      | HP: 1/56 [jelly (2)]
  4515 | D:5      | Splashed by a jelly's acid

Illustrated notes

Levels and vault maps discovered:
D:1:      dpeg_arrival_yet_another_circle, layout_basic
D:2:      layout_basic, hellmonk_ecumenical_altar_lost_god, nrook_mini_vaults
D:3:      layout_basic
D:4:      layout_gridville, general_overflow_altar,
          nicolae_gozag_cash_rules_everything_around_me
D:5:      layout_basic, mainiacjoe_overflow_surrounded_room,
          minmay_temple_entry_wispy, roderic_lattice_a

Skill      XL: |  1  2  3  4  5  6 |
---------------+-------------------+-----
Armour         | 4 5 |  5.6
Fighting       | 4 5 |  5.2
Long Blades    | 3 4 5 |  5.3
Dodging        | 1 |  1.2
Shields        | 4 |  4.3
Stealth        | |  0.1
Evocations     | |  0.1

Action                   |  1- 3 |  4- 6 || total
-------------------------+-------+-------++-------
Melee: Long sword        |    82 |   151 ||   233
       Headbutt          |     9 |    25 ||    34
Evoke: Wand              |       |     2 ||     2
  Use: Scroll            |       |     3 ||     3
       Potion            |       |     1 ||     1
Armor: Scale mail        |    46 |    34 ||    80
       Plate armour      |       |    52 ||    52
Dodge: Dodged            |    68 |    57 ||   125
Block: Buckler           |    14 |    37 ||    51
